 Dungeon Crawl Stone Soup version 0.20-a0-433-g9e36e56 (webtiles) character file.

4 Kriby the Magician (level 1, 13/13 HPs)
             Began as a Mummy Fire Elementalist on Jan 4, 2017.
             Quit the game on level 1 of the Dungeon.
             The game lasted 00:00:23 (155 turns).

Kriby the Magician (Mummy Fire Elementalist)         Turns: 155, Time: 00:00:24

Health: 13/13      AC:  2    Str: 11    XL:     1   Next: 50%
Magic:  4/4        EV: 11    Int: 14    God:
Gold:   0          SH:  0    Dex: 12    Spells: 4/5 levels left

rFire  x . .     SeeInvis .     c - +0 dagger (venom)
rCold  + . .     Gourm    .     e - -1 leather armour (curse)
rNeg   + + +     Faith    .     (no shield)
rPois  ∞         Spirit   .     (no helmet)
rElec  .         Reflect  .     (no cloak)
rCorr  .         Harm     .     (no gloves)
MR     .....                    (no boots)
Stlth  +.........               (no amulet)
                                (no ring)
                                (no ring)

@: no status effects
A: no food or potions, fire vulnerability, cold resistance 1, negative energy
resistance 3, torment resistance, unbreathing
a: no special abilities


You were on level 1 of the Dungeon.
You were not hungry.

You visited 1 branch of the dungeon, and saw 1 of its levels.

Inventory:

Hand Weapons
 c - a +0 dagger of venom (weapon)
Armour
 a - a +0 robe
 e - a cursed -1 leather armour (worn)
Books
 b - a book of Flames

   Spells                             Type                      Level
   a - Flame Tongue                   Conjuration/Fire             1
   b - Throw Flame                    Conjuration/Fire             2
   c - Conjure Flame                  Conjuration/Fire             3
   d - Inner Flame                    Hexes/Fire                   3
   e - Sticky Flame                   Conjuration/Fire             4
   f - Fireball                       Conjuration/Fire             5


   Skills:
 - Level 1.5 Dodging
 - Level 1.5 Stealth
 + Level 2.8 Spellcasting
 * Level 1.1 Conjurations
 + Level 2.4 Fire Magic


You had 4 spell levels left.
You knew the following spells:

 Your Spells              Type           Power        Failure   Level  Hunger
a - Flame Tongue          Conj/Fire      #....        17%         1    N/A

Dungeon Overview and Level Annotations

Branches:
Dungeon (1/15)

Altars:


Innate Abilities, Weirdness & Mutations

You do not eat or drink.
Your flesh is vulnerable to fire.
You are immune to poison.
Your flesh is cold resistant. (rC+)
You are immune to negative energy. (rN+++)
You are immune to unholy pain and torment.
You can survive without breathing.


Message History

Casting: Flame Tongue
Confirm with . or Enter, or press ? or * to list all spells.
You can't see any susceptible monsters within range! (Use Z to cast anyway.)
Casting: Flame Tongue
Confirm with . or Enter, or press ? or * to list all spells.
You can't see any susceptible monsters within range! (Use Z to cast anyway.)
d - a scroll labeled POPRASM UMOMA Search for what [? for help]? leat You see here a runed leather armour.
e - a runed leather armour Wear which item? (? for menu, Esc to quit)
You start removing your armour.
You continue taking off your +0 robe. x4
You finish taking off your +0 robe.
You start putting on your armour.
You continue putting on your runed leather armour. x5
You finish putting on your cursed -1 leather armour.
Oops, that feels deathly cold.
As you read the scroll labeled POPRASM UMOMA, it crumbles to dust.
The scroll dissolves into smoke.
It was a scroll of fog.
Are you sure you want to abandon this character and quit the game? (Confirm with "yes".)

.........# ##########.######
.........# #. ................
###.#.#### #. #.#######.######
###...# #.##.#######.......
...%..#########..................
####†...............######.#.####
#....#########§##..# #.#.# #
##....# #.#####§##§.######.#.# #
#.....# #.....§§@§.........#.# #
......###.#####§§§.........#.# #
..............§§.§§........#.# #
......####.####............#.####
..............#............#.....
..............#..................
..............#####'####.#.######
......####'########.## #.#.# #
#.....# #...........# #.#.# #


There were no monsters in sight!

Vanquished Creatures
  A goblin (D:1)
  A hobgoblin (D:1)
  2 rats (D:1)
4 creatures vanquished.

Notes
Turn   | Place    | Note
-------+----------+-------------------------------------------
     0 | D:1      | Kriby the Mummy Fire Elementalist began the quest for the Orb.
     0 | D:1      | Reached XP level 1. HP: 13/13 MP: 4/4
    16 | D:1      | Reached skill level 1 in Conjurations
   155 | D:1      | Quit the game

Vault maps used:
D:1:      lemuel_arrival_lava_pool, wad_floor_pattern_untrapped

Skill      XL: |  1 |
---------------+----+-----
Conjurations   | 1 |  1.1
Dodging        | |  1.5
Stealth        | |  1.5
Spellcasting   | |  2.8
Fire Magic     | |  2.4

Action                   || total
-------------------------++-------
 Cast: Flame Tongue      ||     5
  Use: Scroll            ||     1
